 Dungeon Crawl Stone Soup version 0.23.2 (webtiles) character file.

Game seed: 8923567337651811342

55 Borgoz the Sneak (level 3, 0/28 HPs)
             Began as a Ghoul Enchanter on Apr 4, 2019.
             Slain by an orc
             ... wielding a +0 hand axe
              (1 damage)
             ... on level 2 of the Dungeon.
             The game lasted 00:01:58 (1095 turns).

Borgoz the Sneak (Ghoul Enchanter)                  Turns: 1095, Time: 00:01:59

Health: 0/28       AC:  2    Str:  8 (11) XL:     3   Next: 93%
Magic:  4/4        EV: 12    Int:  9 (10) God:
Gold:   74         SH:  0    Dex:  9 (10) Spells: 4/5 levels left

rFire    . . .     SeeInvis .   c - +1 dagger (freeze)
rCold    + . .     Gourm    .   (no shield)
rNeg     + + +     Faith    .   b - +0 robe
rPois    ∞         Spirit   .   (no helmet)
rElec    .         Reflect  .   (no cloak)
rCorr    .         Harm     .   (no gloves)
MR       .....                  (no boots)
Stlth    ++........             (no amulet)
HPRegen  0.00/turn              (no ring)
MPRegen  0.09/turn              (no ring)

@: rotting
A: rotting body, claws 1, carnivore, cold resistance 1, negative energy
resistance 3, inhibited regeneration, torment resistance, unbreathing
a: no special abilities


You were on level 2 of the Dungeon.
You were not hungry.

You visited 1 branch of the dungeon, and saw 2 of its levels.

You collected 74 gold pieces.

Inventory:

Hand Weapons
 a - a +1 dagger
 c - a +1 dagger of freezing (weapon)
Missiles
 g - a tomahawk (quivered)
Armour
 b - a +0 robe (worn)
Scrolls
 i - 3 scrolls of magic mapping {unknown}
 k - a scroll of teleportation {unknown}
Potions
 e - a potion of curing {unknown}
Comestibles
 d - 2 rations
 f - 3 chunks of flesh


   Skills:
 + Level 1.4 Fighting
 * Level 2.1 Short Blades
 + Level 1.2 Armour
 + Level 2.2 Dodging
 - Level 3.2 Stealth
 - Level 1.7 Spellcasting
 - Level 2.4 Hexes


You had 4 spell levels left.
You knew the following spells:

 Your Spells              Type           Power        Failure   Level  Hunger
a - Corona                Hex            #......      13%         1    ##.....

Your spell library contained the following spells:

 Spells                   Type           Power        Failure   Level  Hunger
 Ensorcelled Hibernation  Hex/Ice        #.....       32%         2    ###....
 Confuse                  Hex            #.......     36%         3    ####...
 Tukima's Dance           Hex            #.......     36%         3    ####...
 Dazzling Spray           Conj/Hex       #.....       54%         3    ####...


Dungeon Overview and Level Annotations

Branches:
Dungeon (2/15)

Altars:


Innate Abilities, Weirdness & Mutations

Your body is rotting away.
You thrive on raw meat.
You are immune to poison.
You have sharp fingernails.
You are carnivorous and can eat meat at any time.
Your flesh is cold resistant. (rC+)
You are immune to negative energy. (rN+++)
You do not regenerate when monsters are visible.
You are immune to unholy pain and torment.
You can survive without breathing.


Message History

You are too injured to fight recklessly!
You hit the orc. You freeze the orc.
The orc is heavily wounded.
The orc hits you with a +0 short sword. The orc hits you but does no damage.
You hit the orc but do no damage.
The orc is heavily wounded.
The orc hits you with a +0 short sword.
* * * LOW HITPOINT WARNING * * *
The orc hits you but does no damage.
You hit the orc. You freeze the orc.
You kill the orc!
You feel your intelligence returning.
You hit the orc but do no damage.
The orc is heavily wounded.
The orc hits you with a +0 hand axe.
* * * LOW HITPOINT WARNING * * *
You barely miss the orc.
The orc is heavily wounded.
The orc hits you with a +0 hand axe.
You die...

######## ######
#......#
##....####.....#
#.8)o8.# ##....#
#...@..# ##...#
##...†## ##..# #
#.##.### ####)#
#.##''##.###...###
#......#.'.###..#
#.##''##.###...#.#
# #.##.### ####..#
##....## ##...#
#...)..# ##....#


You could see an orc.

Vanquished Creatures
  An adder (D:2)
  A worm (D:2)
  A dart slug (D:1)
  A leopard gecko (D:1)
  3 orcs (D:2)
  3 giant cockroaches
  7 goblins
  2 hobgoblins
  3 jackals (D:1)
  3 bats
  5 kobolds
  3 rats
33 creatures vanquished.

Vanquished Creatures (others)
  9 toadstools (D:2)
9 creatures vanquished.

Grand Total: 42 creatures vanquished

Notes
Turn   | Place    | Note
-------+----------+-------------------------------------------
     0 | D:1      | Borgoz the Ghoul Enchanter began the quest for the Orb.
     0 | D:1      | Reached XP level 1. HP: 14/14 MP: 2/2
     9 | D:1      | Reached skill level 1 in Short Blades
    54 | D:1      | Reached XP level 2. HP: 6/22 MP: 3/3
   396 | D:1      | Reached skill level 1 in Fighting
   446 | D:1      | Reached XP level 3. HP: 28/28 MP: 4/4
   868 | D:2      | Reached skill level 1 in Armour
  1094 | D:2      | HP: 1/28 [orc/+0 hand axe (5)]
  1095 | D:2      | Slain by an orc

Skill      XL: |  1  2  3 |
---------------+----------+-----
Short Blades   | 1 2 |  2.1
Dodging        | 2 |  2.2
Fighting       | 1 |  1.4
Armour         | 1 |  1.2
Stealth        | |  3.2
Spellcasting   | |  1.7
Hexes          | |  2.4

Action                   || total
-------------------------++-------
Melee: Dagger            ||   118
  Use: Potion            ||     4
 Stab: Sleeping          ||     2
  Eat: Chunk             ||    11
Armor: Robe              ||    11
Dodge: Dodged            ||    65
